[ PARTIDA AOE2 · #476641965 ]
UnrankedHunos vs Cumans
Equipo del jugador · DERR
Equipo rival · VICT
[ ANÁLISIS DE REPETICIÓN · EXTRAÍDO DE LA PARTIDA GRABADA ]
Feudal
11:24
Castillos
28:12
Imperial
43:15
| APM promedio | 12.9 |
| APM pico | 85 |
| eAPM promedio | 10.6 |
| Aldeanos / militares | 93 / 63 |
Foco
⚔️ 28.5% · 🌾 71.5%
Spearman ×47 · Knight ×10 · Scout Cavalry ×6
Feudal
9:28
Castillos
27:02
Imperial
37:10
| APM promedio | 15.5 |
| APM pico | 65 |
| eAPM promedio | 9.0 |
| Aldeanos / militares | 76 / 61 |
Foco
⚔️ 25.9% · 🌾 74.1%
Knight ×28 · Skirmisher ×21 · Militia ×5 · Battering Ram ×3 · Trebuchet (Packed) ×3 · Archer ×1
Mapa de la partida
Recursos iniciales + cada clic de construcción. Líneas = muros · curvas = relieve. ◆ oro · ⬟ piedra · ● bayas · ✦ reliquia · ◌ hueco del cierre
Tu base· ✓ Cerrada en 28:12 · 0t muro · 2 puerta(s)
Base de Xuxa· ✓ Cerrada en 27:02 · 0t muro · 2 puerta(s)
Terreno inicial suavizado · ◌ = hueco del cierre detectado · pasá el cursor para detalles
Inputs por minuto
— Kronos - - Xuxa
Build order — Kronos
Primeras 150 de 233 acciones detectadas
| 0:04 | Crear | Villager (Male) |
| 0:04 | Crear | Villager (Male) |
| 0:05 | Crear | Villager (Male) |
| 0:05 | Crear | Villager (Male) |
| 0:05 | Crear | Villager (Male) |
| 1:28 | Crear | Villager (Male) |
| 1:41 | Construir | Lumber Camp |
| 1:55 | Crear | Villager (Male) |
| 2:21 | Crear | Villager (Male) |
| 2:21 | Crear | Villager (Male) |
| 2:52 | Crear | Villager (Male) |
| 3:22 | Crear | Villager (Male) |
| 3:44 | Crear | Villager (Male) |
| 3:55 | Crear | Villager (Male) |
| 4:22 | Construir | Mill |
| 4:26 | Crear | Villager (Male) |
| 4:26 | Crear | Villager (Male) |
| 5:10 | Crear | Villager (Male) |
| 5:36 | Crear | Villager (Male) |
| 5:53 | Crear | Villager (Male) |
| 5:57 | Crear | Villager (Male) |
| 6:19 | Crear | Villager (Male) |
| 7:09 | Crear | Villager (Male) |
| 7:13 | Crear | Villager (Male) |
| 7:29 | Construir | Mill |
| 7:38 | Crear | Villager (Male) |
| 7:45 | Crear | Villager (Male) |
| 8:40 | Investigar | Feudal Age |
| 9:22 | Construir | Mining Camp |
| 11:05 | Construir | Barracks |
| 11:17 | Crear | Villager (Male) |
| 11:17 | Crear | Villager (Male) |
| 11:24 | Edad | Edad Feudal |
| 11:31 | Investigar | Double-Bit Axe |
| 11:36 | Investigar | Horse Collar |
| 11:52 | Crear | Villager (Male) |
| 12:23 | Crear | Spearman |
| 12:29 | Crear | Spearman |
| 12:38 | Construir | Stable |
| 12:43 | Crear | Villager (Male) |
| 12:44 | Crear | Villager (Male) |
| 12:44 | Crear | Villager (Male) |
| 12:52 | Construir | Farm |
| 13:14 | Crear | Spearman |
| 13:15 | Crear | Spearman |
| 14:04 | Construir | Watch Tower |
| 14:11 | Crear | Spearman |
| 14:11 | Crear | Spearman |
| 14:12 | Crear | Spearman |
| 14:12 | Crear | Spearman |
| 14:43 | Crear | Villager (Male) |
| 14:43 | Crear | Villager (Male) |
| 14:56 | Crear | Spearman |
| 14:56 | Crear | Spearman |
| 15:13 | Construir | Mining Camp |
| 15:27 | Crear | Spearman |
| 15:30 | Crear | Scout Cavalry |
| 15:30 | Crear | Scout Cavalry |
| 16:02 | Crear | Scout Cavalry |
| 16:03 | Crear | Scout Cavalry |
| 16:04 | Crear | Scout Cavalry |
| 16:04 | Crear | Scout Cavalry |
| 17:33 | Construir | Farm |
| 17:35 | Construir | Farm |
| 19:01 | Construir | Gate |
| 19:24 | Construir | Farm |
| 19:26 | Construir | Farm |
| 19:29 | Construir | Farm |
| 19:31 | Construir | Farm |
| 19:59 | Construir | Farm |
| 20:11 | Construir | Farm |
| 20:15 | Construir | Farm |
| 20:17 | Crear | Villager (Male) |
| 20:17 | Crear | Villager (Male) |
| 20:18 | Crear | Villager (Male) |
| 20:37 | Crear | Villager (Male) |
| 20:42 | Construir | Farm |
| 21:07 | Crear | Villager (Male) |
| 21:30 | Construir | Farm |
| 21:41 | Construir | Farm |
| 21:43 | Crear | Villager (Male) |
| 21:58 | Crear | Villager (Male) |
| 22:46 | Crear | Villager (Male) |
| 23:18 | Crear | Villager (Male) |
| 23:45 | Crear | Villager (Male) |
| 24:10 | Construir | Blacksmith |
| 24:13 | Crear | Villager (Male) |
| 24:38 | Crear | Villager (Male) |
| 25:07 | Crear | Villager (Male) |
| 25:30 | Investigar | Castle Age |
| 25:53 | Investigar | Stone Mining |
| 26:52 | Investigar | Wheelbarrow |
| 27:28 | Crear | Villager (Male) |
| 27:28 | Crear | Villager (Male) |
| 28:03 | Investigar | Gold Mining |
| 28:12 | Edad | Edad de los Castillos |
| 28:32 | Investigar | Husbandry |
| 28:35 | Crear | Knight |
| 28:40 | Crear | Villager (Male) |
| 28:45 | Investigar | Scale Barding Armor |
| 29:19 | Construir | Castle |
| 29:26 | Crear | Villager (Male) |
| 29:27 | Crear | Villager (Male) |
| 29:28 | Crear | Villager (Male) |
| 32:08 | Crear | Villager (Male) |
| 32:08 | Crear | Villager (Male) |
| 32:08 | Crear | Villager (Male) |
| 32:19 | Construir | Market |
| 32:49 | Crear | Villager (Male) |
| 32:49 | Crear | Villager (Male) |
| 33:05 | Crear | Knight |
| 33:05 | Crear | Knight |
| 33:08 | Crear | Villager (Male) |
| 33:08 | Crear | Villager (Male) |
| 33:17 | Construir | Town Center |
| 33:20 | Crear | Villager (Male) |
| 33:20 | Crear | Villager (Male) |
| 33:37 | Crear | Villager (Male) |
| 33:54 | Construir | Farm |
| 33:57 | Crear | Villager (Male) |
| 34:24 | Crear | Villager (Male) |
| 34:31 | Construir | Town Center |
| 34:34 | Crear | Villager (Male) |
| 34:39 | Crear | Villager (Male) |
| 34:39 | Crear | Villager (Male) |
| 34:44 | Construir | Farm |
| 34:49 | Crear | Knight |
| 34:53 | Crear | Villager (Male) |
| 35:12 | Crear | Villager (Male) |
| 35:13 | Crear | Villager (Male) |
| 35:19 | Construir | Farm |
| 35:23 | Construir | Farm |
| 35:24 | Crear | Villager (Male) |
| 35:27 | Crear | Villager (Male) |
| 35:46 | Crear | Knight |
| 35:50 | Construir | Farm |
| 35:52 | Crear | Villager (Male) |
| 36:08 | Crear | Villager (Male) |
| 36:13 | Crear | Villager (Male) |
| 36:16 | Construir | Farm |
| 36:19 | Construir | Farm |
| 36:20 | Crear | Villager (Male) |
| 36:42 | Construir | Farm |
| 36:46 | Construir | Farm |
| 36:50 | Construir | Farm |
| 36:58 | Crear | Knight |
| 37:08 | Construir | Farm |
| 37:12 | Crear | Villager (Male) |
| 37:39 | Crear | Villager (Male) |
| 37:41 | Crear | Villager (Male) |
Build order — Xuxa
Primeras 150 de 178 acciones detectadas
| 0:03 | Crear | Villager (Male) ×4 |
| 0:07 | Construir | House |
| 0:10 | Construir | House |
| 0:11 | Construir | House |
| 1:40 | Crear | Villager (Male) |
| 1:40 | Crear | Villager (Male) |
| 2:05 | Crear | Villager (Male) |
| 2:20 | Crear | Villager (Male) |
| 2:57 | Crear | Villager (Male) |
| 3:17 | Crear | Villager (Male) |
| 3:17 | Crear | Villager (Male) |
| 3:24 | Crear | Villager (Male) |
| 3:48 | Crear | Villager (Male) |
| 3:48 | Crear | Villager (Male) |
| 3:55 | Construir | Lumber Camp |
| 4:39 | Crear | Villager (Male) |
| 4:39 | Crear | Villager (Male) |
| 4:40 | Crear | Villager (Male) |
| 5:16 | Crear | Villager (Male) |
| 5:59 | Construir | Mill |
| 7:18 | Investigar | Feudal Age |
| 7:30 | Construir | Barracks |
| 7:47 | Construir | House |
| 8:35 | Crear | Militia |
| 8:35 | Crear | Militia |
| 9:05 | Construir | House |
| 9:19 | Crear | Villager (Male) ×4 |
| 9:28 | Edad | Edad Feudal |
| 9:28 | Crear | Militia |
| 9:29 | Crear | Militia |
| 10:02 | Construir | Blacksmith |
| 10:08 | Crear | Villager (Male) ×2 |
| 10:30 | Crear | Militia |
| 10:49 | Construir | Siege Workshop |
| 11:21 | Construir | Mining Camp |
| 11:39 | Construir | House |
| 11:40 | Construir | House |
| 11:54 | Crear | Villager (Male) ×4 |
| 11:54 | Crear | Villager (Male) ×4 |
| 11:59 | Construir | House |
| 12:01 | Construir | House |
| 12:20 | Construir | House |
| 12:21 | Construir | House |
| 12:28 | Construir | Archery Range |
| 12:53 | Crear | Battering Ram |
| 13:30 | Investigar | Scale Mail Armor |
| 13:49 | Crear | Skirmisher |
| 13:55 | Crear | Archer |
| 14:01 | Crear | Battering Ram |
| 15:13 | Crear | Battering Ram |
| 16:15 | Investigar | Man-at-Arms (upgrade) |
| 16:19 | Construir | Farm |
| 16:19 | Construir | Farm |
| 16:19 | Construir | Farm |
| 16:20 | Construir | Farm |
| 16:20 | Construir | Farm |
| 16:20 | Construir | Farm |
| 16:20 | Construir | Farm |
| 17:13 | Construir | Watch Tower |
| 18:36 | Construir | Farm |
| 18:36 | Construir | Farm |
| 18:37 | Construir | Farm |
| 18:37 | Construir | Farm |
| 18:37 | Construir | Farm |
| 18:37 | Construir | Farm |
| 18:42 | Crear | Villager (Male) ×3 |
| 19:32 | Construir | Farm |
| 19:32 | Construir | Farm |
| 19:33 | Construir | Farm |
| 20:52 | Crear | Villager (Male) ×5 |
| 21:02 | Construir | Town Center |
| 21:36 | Investigar | Double-Bit Axe |
| 21:47 | Investigar | Horse Collar |
| 22:56 | Crear | Villager (Male) |
| 22:57 | Crear | Villager (Male) |
| 23:09 | Construir | Farm |
| 23:09 | Construir | Farm |
| 23:09 | Construir | Farm |
| 23:09 | Construir | Farm |
| 23:10 | Construir | Farm |
| 23:30 | Construir | Farm |
| 24:22 | Investigar | Castle Age |
| 24:39 | Crear | Villager (Male) ×2 |
| 24:48 | Construir | Stable |
| 24:51 | Construir | Stable |
| 25:09 | Crear | Villager (Male) |
| 25:09 | Crear | Villager (Male) |
| 25:25 | Investigar | Scale Barding Armor |
| 25:39 | Crear | Skirmisher |
| 25:40 | Crear | Skirmisher |
| 25:41 | Crear | Skirmisher |
| 25:41 | Crear | Skirmisher |
| 25:52 | Crear | Villager (Male) |
| 26:02 | Construir | Farm |
| 26:06 | Construir | Farm |
| 26:11 | Construir | Farm |
| 26:23 | Construir | House |
| 27:01 | Investigar | Wheelbarrow |
| 27:02 | Edad | Edad de los Castillos |
| 27:02 | Crear | Villager (Male) ×4 |
| 27:55 | Construir | Archery Range |
| 27:59 | Construir | Stable |
| 28:07 | Crear | Knight |
| 28:07 | Crear | Knight |
| 28:19 | Crear | Villager (Male) |
| 28:19 | Crear | Villager (Male) |
| 28:31 | Construir | Farm |
| 28:32 | Construir | Farm |
| 28:47 | Construir | Farm |
| 28:48 | Construir | Farm |
| 28:48 | Construir | Farm |
| 28:48 | Construir | Farm |
| 28:49 | Construir | Farm |
| 28:49 | Construir | Farm |
| 28:49 | Construir | Farm |
| 28:50 | Construir | Farm |
| 29:02 | Construir | Castle |
| 29:25 | Crear | Skirmisher |
| 30:50 | Crear | Knight |
| 30:51 | Crear | Knight |
| 30:54 | Construir | House |
| 30:55 | Construir | House |
| 31:40 | Construir | Castle |
| 31:58 | Crear | Skirmisher |
| 31:59 | Crear | Skirmisher |
| 31:59 | Crear | Skirmisher |
| 32:00 | Crear | Skirmisher |
| 32:00 | Crear | Skirmisher |
| 32:01 | Crear | Skirmisher |
| 32:09 | Crear | Villager (Male) ×5 |
| 32:10 | Crear | Villager (Male) ×5 |
| 33:49 | Construir | Mining Camp |
| 34:00 | Investigar | Imperial Age |
| 34:03 | Crear | Villager (Male) ×5 |
| 34:23 | Crear | Knight |
| 34:37 | Construir | Town Center |
| 34:41 | Crear | Knight |
| 34:58 | Construir | Mining Camp |
| 35:11 | Investigar | Gold Mining |
| 35:24 | Crear | Skirmisher |
| 35:24 | Crear | Skirmisher |
| 35:37 | Construir | House |
| 35:44 | Construir | House |
| 35:50 | Construir | Farm |
| 36:03 | Crear | Villager (Male) |
| 36:04 | Crear | Villager (Male) |
| 36:18 | Investigar | Bloodlines |
| 36:19 | Crear | Knight ×5 |
| 36:30 | Investigar | Chain Barding Armor |
| 36:32 | Investigar | Forging |
Cronología de la partida
| 7:30 | Xuxa · first_building Barracks |
| 9:28 | Xuxa · age_up feudal |
| 10:49 | Xuxa · first_building Siege Workshop |
| 11:05 | Kronos · first_building Barracks |
| 11:24 | Kronos · age_up feudal |
| 12:28 | Xuxa · first_building Archery Range |
| 12:38 | Kronos · first_building Stable |
| 24:48 | Xuxa · first_building Stable |
| 27:02 | Xuxa · age_up castle |
| 28:12 | Kronos · age_up castle |
| 29:02 | Xuxa · first_building Castle |
| 29:19 | Kronos · first_building Castle |
| 37:10 | Xuxa · age_up imperial |
| 39:18 | Xuxa · wall_segment Palisade Wall x10 |
| 43:15 | Kronos · age_up imperial |
| 44:48 | Kronos · resign |
[ ANÁLISIS IA · 1 CRÉDITO ]
¿Qué pasó realmente en esta partida?
Wolo.gg analiza cada decisión: build order, eco, micro, errores típicos por bracket. Análisis personalizado por WhatsApp o Discord en 30 segundos.
Guía civ
Hunos
Perfil
Jugador #4885401